 Dungeon Crawl Stone Soup version 0.27.1-2-g3b301248ec (webtiles) character file.

Game seed: 6271138777783605072

2299 Crownlay the Frost Mage (level 9, -11/65 HPs)
             Began as a Gnoll Ice Elementalist on Sept 23, 2021.
             Was a Believer of Uskayaw.
             Mangled by a white ugly thing (15 damage)
             ... on level 6 of the Dungeon.
             The game lasted 00:12:16 (8398 turns).

Crownlay the Frost Mage (Gnoll Ice Elementalist)    Turns: 8398, Time: 00:12:16

Health: -11/65     AC: 11    Str:  8    XL:     9   Next: 40%
Magic:  22/27      EV: 18    Int: 17    God:    Uskayaw [**....]
Gold:   328        SH:  5    Dex: 13    Spells: 10/21 levels left

rFire    . . .     SeeInvis .   c - +0 trident
rCold    . . .     Faith    .   (no shield)
rNeg     . . .     Spirit   .   a - +0 robe
rPois    .         Reflect  +   b - +0 helmet
rElec    .         Harm     .   (no cloak)
rCorr    .         Rampage  .   (no gloves)
Will     .....                  (no boots)
Stlth    +++.......             G - amulet of reflection
HPRegen  0.20/turn              d - +4 ring of evasion
MPRegen  0.20/turn              i - ring of magical power

@: ice-armoured, freezing walls
A: fangs 1, strong nose, distributed training
a: Renounce Religion, Stomp, Line Pass


You were on level 6 of the Dungeon.
You worshipped Uskayaw.
Uskayaw was noncommittal.
You visited 2 branches of the dungeon, and saw 7 of its levels.
You also visited: Sewer.

You collected 328 gold pieces.

Inventory:

Hand Weapons
 c - a +0 trident (weapon)
 H - a +0 hand axe of flaming
Missiles
 D - 3 boomerangs of dispersal
Armour
 a - a +0 robe (worn)
 b - a +0 helmet (worn)
Jewellery
 d - a +4 ring of evasion (left hand)
 i - a ring of magical power (right hand)
 k - a ring of poison resistance
 G - an amulet of reflection (around neck)
Scrolls
 e - a scroll of silence {unknown}
 g - a scroll of torment {unknown}
 h - 2 scrolls of blinking {unknown}
 m - a scroll of enchant weapon {unknown}
 n - 2 scrolls of enchant armour
 o - 4 scrolls of magic mapping
 p - 2 scrolls of teleportation
 q - 3 scrolls of fear
 r - 2 scrolls of summoning
 s - 4 scrolls of noise
 y - 3 scrolls of fog
 F - a scroll of vulnerability {unknown}
Potions
 f - 2 potions of brilliance {unknown}
 j - a potion of degeneration {unknown}
 l - 4 potions of heal wounds {unknown}
 t - 2 potions of cancellation {unknown}
 u - a potion of haste {unknown}
 v - a potion of magic {unknown}
 w - 2 potions of invisibility {unknown}
 x - 2 potions of flight {unknown}
 z - 2 potions of curing {unknown}
 A - a potion of attraction {unknown}
 B - a potion of mutation {unknown}
 C - 3 potions of might
 E - a potion of ambrosia {unknown}


   Skills:
 + Level 4.2 Fighting
 + Level 4.2 Short Blades
 + Level 4.2 Long Blades
 + Level 4.2 Axes
 + Level 4.2 Maces & Flails
 + Level 4.2 Polearms
 + Level 4.2 Staves
 + Level 4.2 Slings
 + Level 4.2 Bows
 + Level 4.2 Crossbows
 + Level 4.2 Throwing
 + Level 4.2 Armour
 + Level 6.3 Dodging
 + Level 6.0 Stealth
 + Level 4.2 Shields
 + Level 4.2 Unarmed Combat
 + Level 6.6 Spellcasting
 + Level 3.4 Conjurations
 + Level 3.4 Hexes
 + Level 3.4 Summonings
 + Level 3.4 Necromancy
 + Level 3.4 Translocations
 + Level 3.4 Transmutations
 + Level 3.4 Fire Magic
 + Level 8.0 Ice Magic
 + Level 3.4 Air Magic
 + Level 3.4 Earth Magic
 + Level 3.4 Poison Magic
 + Level 4.6 Invocations
 + Level 4.2 Evocations


You had 10 spell levels left.
You knew the following spells:

 Your Spells              Type           Power      Damage    Failure   Level
a - Freeze                Ice            100%       1d11      1%          1
b - Frozen Ramparts       Ice            64%        1d8       1%          3
c - Ozocubu's Armour      Ice            32%        N/A       1%          3
d - Hailstorm             Conj/Ice       25%        3d7       12%         4

Your spell library contained the following spells:

 Spells                   Type           Power      Damage    Failure   Level
 Ignite Poison            Fire/Tmut/Pois 17%        N/A       9%          3
 Inner Flame              Hex/Fire       17%        N/A       9%          3
 Mephitic Cloud           Conj/Pois/Air  17%        N/A       9%          3
 Cause Fear               Hex            8%         N/A       28%         4
 Bolt of Magma            Conj/Fire/Erth 8%         4d6       63%         5
 Discord                  Hex            8%         N/A       100%        8


Dungeon Overview and Level Annotations

Branches:
Dungeon (6/15)             Temple (1/1) D:6           Sewer (visited)

Altars:
Ashenzari
Cheibriados
Dithmenos
Elyvilon
Hepliaklqana
Kikubaaqudgha
Makhleb
Nemelex Xobeh
Okawaru
Qazlal
Ru
Sif Muna
Trog
Uskayaw
Vehumet
Wu Jian
Xom
Yredelemnul
Zin
The Shining One


Innate Abilities, Weirdness & Mutations

You have very sharp teeth.
Your uncanny sense of smell can sniff out nearby items.
Your experience applies equally to all skills.


Message History

Confirm with . or Enter, or press ? or * to list all spells.
Casting: Frozen Ramparts (safe; 1% risk of failure)
Press: ? - help, Dir - look around, f - activate The walls around you are covered in ice.
The white ugly thing resists.
The wall freezes the white ugly thing.
The white ugly thing engulfs you! The white ugly thing freezes you!
Casting: Frozen Ramparts (safe; 1% risk of failure)
Confirm with . or Enter, or press ? or * to list all spells.
A film of ice covers your body!
The white ugly thing resists.
The wall freezes the white ugly thing.
The white ugly thing misses you.
You hit the white ugly thing.
The white ugly thing is lightly wounded.
The white ugly thing resists.
The wall freezes the white ugly thing.
The white ugly thing misses you.
You closely miss the white ugly thing.
The white ugly thing is moderately wounded.
The white ugly thing resists.
The wall freezes the white ugly thing.
The white ugly thing closely misses you.
You hit the white ugly thing but do no damage.
The white ugly thing is moderately wounded.
The white ugly thing resists.
The wall freezes the white ugly thing.
You block the white ugly thing's attack.
You can now pass through a line of other dancers.
You hit the white ugly thing but do no damage.
The white ugly thing is moderately wounded.
The white ugly thing completely resists.
The wall freezes the white ugly thing but does no damage.
The white ugly thing misses you.
You closely miss the white ugly thing.
You bite the white ugly thing, but do no damage.
The white ugly thing is moderately wounded.
The white ugly thing completely resists.
The wall freezes the white ugly thing but does no damage.
The white ugly thing engulfs you! The white ugly thing freezes you!!
* * * LOW HITPOINT WARNING * * *
The white ugly thing resists.
The wall freezes the white ugly thing.
The white ugly thing engulfs you.
* * * LOW HITPOINT WARNING * * *
The white ugly thing freezes you!
You die...

### #.# #.# #.#
#.# #.#
######.#
#####...##@##.#
...........u..#
#####...##.#..#
#...##.#..#
#...##.#.....
#...##.#.....
#...##.#...###
#...##<#...#
#...##.#...#


You could see a white ugly thing.

Vanquished Creatures
  Pikel (D:5)
  The ghost of diana the Magician, a novice DjFE (D:4)
  A black bear (D:5)
  An ice beast (D:3)
  An ogre (D:6)
  4 lemures (D:5)
  A phantom (D:5)
  3 bullfrogs
  3 scorpions
  A water moccasin skeleton (D:6)
  2 hounds
  3 orc priests
  A centaur skeleton (D:5)
  4 iguanas
  Natasha (thrice) (D:2)
  Terence (D:2)
  An orc wizard (D:4)
  A howler monkey zombie (D:5)
  9 adders
  7 gnolls (D:4)
  7 river rats (Sewer)
  A shadow imp (D:3)
  An adder zombie (D:5)
  2 worms
  4 dart slugs
  31 orcs
  15 ball pythons
  9 endoplasms
  7 giant cockroaches
  8 goblins
  7 hobgoblins
  2 jackals (D:2)
  3 quokkas
  7 bats
  6 frilled lizards
  4 kobolds
  25 rats
188 creatures vanquished.

Vanquished Creatures (others)
  A fungus (D:1)
  A plant (D:1)
2 creatures vanquished.

Grand Total: 190 creatures vanquished

Notes
Turn   | Place    | Note
-------+----------+-------------------------------------------
     0 | D:1      | Crownlay the Gnoll Ice Elementalist began the quest for the
                  | Orb.
     0 | D:1      | Reached XP level 1. HP: 13/13 MP: 6/6
   160 | D:1      | Reached XP level 2. HP: 19/19 MP: 5/7
   160 | D:1      | Found a faded altar of an unknown god.
   691 | D:1      | Reached XP level 3. HP: 25/25 MP: 9/9
   697 | D:1      | Learned a level 3 spell: Frozen Ramparts
   701 | D:1      | Learned a level 3 spell: Ozocubu's Armour
   768 | D:1      | Reached skill level 5 in Spellcasting
   918 | D:2      | Noticed Terence
   924 | D:2      | Killed Terence
   925 | D:2      | Reached skill level 1 in Fighting
   925 | D:2      | Reached skill level 1 in Short Blades
   925 | D:2      | Reached skill level 1 in Long Blades
   925 | D:2      | Reached skill level 1 in Axes
   925 | D:2      | Reached skill level 1 in Maces & Flails
   925 | D:2      | Reached skill level 1 in Polearms
   925 | D:2      | Reached skill level 1 in Staves
   925 | D:2      | Reached skill level 1 in Slings
   925 | D:2      | Reached skill level 1 in Bows
   925 | D:2      | Reached skill level 1 in Crossbows
   925 | D:2      | Reached skill level 1 in Throwing
   925 | D:2      | Reached skill level 1 in Armour
   925 | D:2      | Reached skill level 1 in Shields
   925 | D:2      | Reached skill level 1 in Unarmed Combat
   925 | D:2      | Reached skill level 1 in Invocations
   925 | D:2      | Reached skill level 1 in Evocations
   925 | D:2      | Reached XP level 4. HP: 23/32 MP: 3/11
  1564 | D:2      | Reached skill level 1 in Conjurations
  1564 | D:2      | Reached skill level 1 in Hexes
  1564 | D:2      | Reached skill level 1 in Summonings
  1564 | D:2      | Reached skill level 1 in Necromancy
  1564 | D:2      | Reached skill level 1 in Translocations
  1564 | D:2      | Reached skill level 1 in Transmutations
  1564 | D:2      | Reached skill level 1 in Fire Magic
  1564 | D:2      | Reached skill level 1 in Air Magic
  1564 | D:2      | Reached skill level 1 in Earth Magic
  1564 | D:2      | Reached skill level 1 in Poison Magic
  1772 | D:2      | Noticed Natasha
  1781 | D:2      | Killed Natasha
  1782 | D:2      | Reached XP level 5. HP: 37/37 MP: 8/12
  2310 | D:2      | Noticed Natasha
  2315 | D:2      | Killed Natasha
  2533 | D:2      | Noticed Natasha
  2545 | D:2      | Killed Natasha
  2903 | D:3      | Noticed an ice beast
  2920 | D:3      | Killed an ice beast
  2921 | D:3      | Reached XP level 6. HP: 9/44 MP: 14/14
  3314 | D:3      | Reached skill level 5 in Dodging
  3616 | D:3      | Found a faded altar of an unknown god.
  3616 | D:3      | Found a stormy altar of Qazlal.
  3624 | D:3      | Found a faded altar of an unknown god.
  3626 | D:3      | Found a shimmering blue altar of Sif Muna.
  3628 | D:3      | Found a glowing silver altar of Zin.
  4146 | D:4      | Found an iron altar of Okawaru.
  4186 | D:4      | Reached XP level 7. HP: 46/50 MP: 15/15
  4208 | D:4      | Found a runed translucent gate.
  4209 | D:4      | Found a runed translucent gate.
  4210 | D:4      | Found a runed translucent gate.
  4211 | D:4      | Noticed diana's ghost (novice DjFE)
  4242 | D:4      | Found a glowing drain.
  4252 | Sewer    | Entered a sewer
  5157 | Sewer    | Reached skill level 5 in Stealth
  6012 | D:4      | Killed diana's ghost
  6013 | D:4      | Reached XP level 8. HP: 44/58 MP: 16/16
  6124 | D:5      | Entered Level 5 of the Dungeon
  6459 | D:5      | Noticed Pikel
  6474 | D:5      | Killed Pikel
  6475 | D:5      | Reached XP level 9. HP: 44/65 MP: 18/18
  7055 | D:6      | Learned a level 4 spell: Hailstorm
  7660 | D:6      | Reached skill level 8 in Ice Magic
  7750 | D:6      | Found a staircase to the Ecumenical Temple.
  7765 | Temple   | Entered the Ecumenical Temple
  7970 | Temple   | Became a worshipper of Uskayaw the Reveller
  8027 | D:6      | Reached * piety under Uskayaw
  8029 | D:6      | Reached ** piety under Uskayaw
  8390 | D:6      | Noticed a white ugly thing
  8398 | D:6      | Mangled by a white ugly thing

Illustrated notes

Levels and vault maps discovered:
D:1:      lightli_arrival_isolated_outpost, layout_loops_ring,
          shapermc_ecumenical_altar_acropolis
D:2:      layout_basic, guppyfry_early_orc_mine, uniq_terence, uniq_natasha
D:3:      layout_basic, chequers_temple_overflow_minitemple
D:4:      layout_layer_cave, okawaru_metal_pillars_1_2,
          ebering_ghost_rock_garden, cheibrodos_sewer_entry_sluice
D:5:      layout_rooms, uniq_pikel
D:6:      layout_basic, minmay_temple_entry_glass
Temple:   dpeg_five_rooms_temple

Skill      XL: |  1  2  3  4  5  6  7  8  9 |
---------------+----------------------------+-----
Spellcasting   | 5 6 |  6.6
Fighting       | 1 2 3 4 |  4.2
Short Blades   | 1 2 3 4 |  4.2
Long Blades    | 1 2 3 4 |  4.2
Axes           | 1 2 3 4 |  4.2
Maces & Flails | 1 2 3 4 |  4.2
Polearms       | 1 2 3 4 |  4.2
Staves         | 1 2 3 4 |  4.2
Slings         | 1 2 3 4 |  4.2
Bows           | 1 2 3 4 |  4.2
Crossbows      | 1 2 3 4 |  4.2
Throwing       | 1 2 3 4 |  4.2
Armour         | 1 2 3 4 |  4.2
Shields        | 1 2 3 4 |  4.2
Unarmed Combat | 1 2 3 4 |  4.2
Invocations    | 1 2 3 4 |  4.6
Evocations     | 1 2 3 4 |  4.2
Conjurations   | 1 2 3 |  3.4
Hexes          | 1 2 3 |  3.4
Summonings     | 1 2 3 |  3.4
Necromancy     | 1 2 3 |  3.4
Translocations | 1 2 3 |  3.4
Transmutations | 1 2 3 |  3.4
Fire Magic     | 1 2 3 |  3.4
Air Magic      | 1 2 3 |  3.4
Earth Magic    | 1 2 3 |  3.4
Poison Magic   | 1 2 3 |  3.4
Dodging        | 5 6 |  6.3
Stealth        | 5 6 |  6.0
Ice Magic      | 8 |  8.0

Action                   |  1- 3 |  4- 6 |  7- 9 || total
-------------------------+-------+-------+-------++-------
Melee: Unarmed           |     2 |       |       ||     2
       Trident           |    34 |   227 |   293 ||   554
       Bite              |     1 |    18 |    22 ||    41
       Punch             |       |     2 |     4 ||     6
 Cast: Freeze            |    12 |       |       ||    12
       Frozen Ramparts   |     1 |    10 |    30 ||    41
       Ozocubu's Armour  |     1 |     6 |    14 ||    21
       Hailstorm         |       |       |     3 ||     3
  Use: Scroll            |       |       |     7 ||     7
 Stab: Sleeping          |     5 |    10 |     3 ||    18
       Distracted        |       |     1 |     1 ||     2
Armor: Robe              |     9 |    25 |    58 ||    92
Dodge: Dodged            |    25 |   182 |   301 ||   508
Block: Other             |       |       |     1 ||     1
